cohdb
Replays
Latest Replays
All Replays
Popular Replays
Top Player Replays
Match Explorer
How It Works
Community
CoH3 Stats
Reddit
Sign in to upload your games and track your stats! →
Sign in with Steam
Match 41543172
Unlisted
Match 41543172
Overview
Messages
Build Orders
End
Construct Section Command Post
Royal Engineer Section
Selects Canadian Shock Battlegroup
Royal Engineer Section
Dingo Light Scout Car
Vickers Machine Gun Team
Selects Attacking Spirit
Selects Canadian Shock Section
Canadian Shock Section
Selects Incendiary Munitions
Construct Platoon Command Post
Canadian Shock Section
Humber Armored Car
Selects Pyrotechnics
Selects Point Assault
Canadian Shock Section
Infantry Training
CMP 15cwt Truck
ML 3-inch Mortar Team
Vickers Machine Gun Team
Unlock M3 Stuart Light Tanks
6-pounder Anti-tank Gun Team
Construct Company Command Post
BrumpkinMaGee
سَۨفُـيٰانۨوٰس
0
0
Comments
sign in to comment!
No comments posted yet!